Map: Mech Depot LE

Players

puCK (Nina) - Winner!

  • Race: Protoss Protoss
  • Spawn Location: 1:00

ZenedoR

  • Race: Zerg Zerg
  • Spawn Location: 7:00

Event: WCS Montreal 2017

VOD

Have the link to the VOD?

Description

Time

  • Played on: Sept. 8, 2017, 11:36 a.m.
  • Length: 7:22

All games in this series

Show
View Real Time Build Order
Export as new Build Order

puCK Protoss - Winner!

Build Orders: 1 Gate Expand, Zealot Archon, Archon Drop 

Get SALT Encoding   

  12  0:00  Probe (Chrono Boost)  
  13  0:11  Probe (Chrono Boost)  
  14  0:24  Probe (Chrono Boost), Pylon  
  16  0:43  Probe (Chrono Boost), Gateway  
  16  0:46  Assimilator  
  16  0:53  Probe (Chrono Boost)  
  17  1:04  Probe (Chrono Boost)  
  18  1:14  Probe (Chrono Boost)  
  19  1:26  Nexus  
  19  1:28  Probe (Chrono Boost)  
  20  1:40  Cybernetics Core  
  20  1:42  Probe (Chrono Boost)  
  21  1:51  Assimilator  
  21  1:52  Probe (Chrono Boost)  
  22  1:58  Pylon  
  22  2:03  Probe (Chrono Boost)  
  23  2:16  Probe (Chrono Boost), Adept (Chrono Boost)  
  23  2:17  Warp Gate  
  26  2:29  Mothership Core  
  28  2:37  Probe  
  28  2:40  Stalker (Chrono Boost)  
  31  2:48  Probe  
  31  2:50  Probe  
  32  2:58  Probe, Twilight Council  
  32  3:02  Probe (Chrono Boost)  
  34  3:10  Probe (Chrono Boost)  
  35  3:14  Probe (Chrono Boost)  
  35  3:15  Robotics Facility  
  36  3:21  Probe (Chrono Boost)  
  36  3:25  Probe (Chrono Boost)  
  38  3:32  Probe (Chrono Boost)  
  39  3:35  Probe (Chrono Boost), Charge (Chrono Boost)  
  40  3:42  Probe (Chrono Boost)  
  40  3:46  Probe (Chrono Boost)  
  42  3:52  Probe (Chrono Boost), Gateway  
  42  3:54  Pylon  
  42  3:55  Gateway  
  43  3:59  Probe  
  43  4:02  Warp Prism (Chrono Boost)  
  46  4:10  Gateway  
  46  4:12  Probe, Pylon  
  46  4:13  Probe  
  48  4:21  Pylon  
  48  4:24  Assimilator, Probe  
  49  4:25  Probe  
  49  4:26  Assimilator  
  49  4:28  Templar Archives  
  50  4:36  Probe  
  50  4:37  Probe  
  52  4:42  Warp Prism (Chrono Boost)  
  54  4:48  Probe  
  54  4:49  Probe  
  56  4:59  Adept  
  58  5:00  Probe, Adept  
  58  5:03  Zealot  
  63  5:07  Nexus  
  63  5:12  Probe  
  64  5:20  Pylon  
  62  5:22  High Templar x2, Pylon  
  62  5:25  High Templar  
  62  5:27  Archon  
  70  5:30  Pylon  
  70  5:32  High Templar  
  70  5:36  Gateway  
  70  5:37  Gateway, Archon  
  70  5:45  Gateway x2  
  70  5:49  Probe x2  
  70  6:01  Probe  
  70  6:03  Zealot x3  
  77  6:05  Zealot  
  79  6:13  Probe x2  
  79  6:16  Immortal (Chrono Boost)  
  85  6:24  Probe  
  85  6:25  Probe  
  87  6:27  Zealot x4  
  91  6:39  Probe  
  87  6:40  Probe  
  90  6:49  Zealot x3  
  90  6:52  Probe, Zealot x2  
  90  6:53  Zealot x3  
  102  7:07  Probe x2  
  102  7:08  Probe  
  104  7:14  Zealot  
  104  7:15  Zealot x3  
  109  7:20  Pylon  
Show
View Real Time Build Order
Export as new Build Order

ZenedoR Zerg 

Build Orders: Hatch First 

Get SALT Encoding   

  12  0:01  Drone  
  13  0:13  Overlord  
  13  0:17  Drone  
  14  0:31  Drone x2  
  14  0:35  Drone  
  17  0:52  Hatchery  
  17  0:55  Drone  
  17  1:00  Drone  
  18  1:08  Extractor  
  17  1:13  Spawning Pool  
  17  1:16  Drone  
  17  1:19  Drone  
  18  1:28  Drone  
  19  1:39  Overlord  
  19  1:53  Drone  
  20  2:00  Queen  
  22  2:04  Queen  
  22  2:05  Drone  
  22  2:08  Zergling x2  
  26  2:09  Metabolic Boost  
  26  2:13  Drone  
  27  2:17  Drone  
  27  2:22  Drone  
  29  2:25  Drone  
  30  2:36  Drone x2  
  32  2:39  Queen  
  34  2:45  Overlord  
  34  2:57  Drone x2  
  36  3:05  Drone  
  37  3:12  Drone x5  
  40  3:21  Drone, Evolution Chamber  
  40  3:23  Evolution Chamber  
  39  3:33  Overlord x2  
  38  3:41  Overlord  
  38  3:51  Queen  
  38  3:52  Zergling x2  
  38  3:53  Zergling x4  
  38  3:54  Zergling x4  
  45  3:55  Drone  
  45  3:56  Drone  
  45  3:57  Spore Crawler  
  45  3:58  Spore Crawler  
  45  4:00  Zerg Melee Weapons Level 1  
  45  4:04  Zerg Ground Armor Level 1  
  45  4:08  Drone  
  45  4:09  Drone x2  
  48  4:21  Hatchery  
  47  4:26  Drone  
  47  4:28  Drone x3  
  47  4:31  Extractor  
  50  4:32  Baneling Nest  
  49  4:43  Zergling x8  
  53  4:47  Queen  
  53  4:49  Lair  
  54  5:13  Drone x2  
  54  5:14  Drone  
  57  5:16  Zergling x2  
  57  5:17  Zergling x6  
  58  5:21  Overlord  
  57  5:30  Zergling x6, Roach Warren  
  59  5:37  Overlord  
  59  5:38  Queen  
  59  5:39  Drone x4  
  59  5:40  Drone  
  66  5:51  Drone x3  
  58  6:12  Zergling x2  
  58  6:13  Zergling x14  
  58  6:16  Roach x4  
  73  6:24  Spawning Pool  
  65  6:45  Drone x8  
  64  6:54  Overlord  
  64  6:55  Overlord  
  64  7:03  Roach  
Tags
 
Add a new tag
Caveats
  • Supply blocks, unpowered buildings, or Contaminate may cause inaccurate times.
  • Supply counts are checked every 10 seconds.